 Dungeon Crawl Stone Soup version 0.29-a0-90-gc37658a0fe (webtiles) character file.

Game seed: 16282699984398862181

9 soggyman666 the Ruffian (level 2, 29/29 HPs)
             Began as a Troll Monk on Feb 6, 2022.
             Was a Believer of Okawaru.
             Quit the game on level 1 of the Dungeon.
             The game lasted 00:00:44 (183 turns).

soggyman666 the Ruffian (Troll Monk)                 Turns: 183, Time: 00:00:45

Health: 29/29      AC:  4    Str: 18    XL:     2   Next: 6%
Magic:  1/1        EV: 10    Int:  6    God:    Okawaru [**....]
Gold:   36         SH:  0    Dex: 12    Spells: 1/1 levels left

rFire   . . .      SeeInvis .     - Unarmed
rCold   . . .      Faith    .   (no shield)
rNeg    . . .      Spirit   .   a - +0 robe
rPois   .          Reflect  .   (helmet restricted)
rElec   .          Harm     .   (no cloak)
rCorr   .          Rampage  .   (gloves unavailable)
Will    .....                   (boots unavailable)
Stlth   ++........              (no amulet)
HPRegen 0.89/turn               (no ring)
MPRegen 0.07/turn               (no ring)

@: no status effects
A: large, unfitting armour, claws 3, regeneration 1, shaggy fur 1, tough skin 1
a: Renounce Religion, Heroism


You were on level 1 of the Dungeon.
You worshipped Okawaru.
Okawaru was pleased with you.
You visited 1 branch of the dungeon, and saw 1 of its levels.

You collected 36 gold pieces.

Inventory:

Armour
 a - a +0 robe (worn)
Scrolls
 b - a scroll of identify {unknown}
Potions
 c - a potion of ambrosia {unknown}
 d - a potion of experience {unknown}


   Skills:
 + Level 2.4 Fighting
 + Level 2.6 Dodging
 + Level 1.0 Stealth
 + Level 3.4 Unarmed Combat


You had one spell level left.
You didn't know any spells.
Your spell library was empty.

Dungeon Overview and Level Annotations

Branches:
Dungeon (1/15)

Altars:
Okawaru


Innate Abilities, Weirdness & Mutations

You are too large for most types of armour.
You have claws for hands.
Your natural rate of healing is unusually fast.
You are covered in fur. (AC +1)
You have tough skin. (AC +1)


Message History

You now have 10 gold pieces.
No target in view!
c - an inky potion No target in view!
No target in view!
There is a faded altar of an unknown god here.
You see here 2 scrolls of immolation.
You now have 24 gold pieces (gained 14).
You now have 36 gold pieces (gained 12).
d - a cyan potion
There is a faded altar of an unknown god here.
You see here 2 scrolls of immolation.
You see here a +1 whip of freezing.
You open the door.
Found a club.
There is an open door here.
You open the door.
There is an open door here.
A hobgoblin comes into view.
The helpless hobgoblin fails to defend itself.
You scratch the hobgoblin.
The hobgoblin is moderately wounded.
The hobgoblin hits you.
You claw the hobgoblin!
You kill the hobgoblin!
No target in view!
No target in view!
A hobgoblin comes into view.
No target in view!
There is a faded altar of an unknown god here.
You see here 2 scrolls of immolation.
You cannot tell which god this altar belongs to.
Convert to them anyway?
Okay, then.
You cannot tell which god this altar belongs to.
Convert to them anyway?
Okawaru accepts your prayer! Okawaru welcomes you!
You can now gain great but temporary skills.
Unknown command.
Press < or > to pray at altars.
Are you sure you want to abandon this character and quit the game? (Confirm with "yes".)

...#######........#
###................#####
# #....................#
..#..........#...#####.#
#.#........####......#.#
#.........†#........#..#
###.....)...#...)...##.#
.##.......)..........#.#
.##........+....@......#
#.#.###+##.#......#.##.#
#.#.# #........#.#.....#
#...# #.........#......#
#.#.# #....#..#......#.#
#.#.###+##.....#...##..#
.##.##.................#
. ..##.......#####.##..#
# .###................##


There were no monsters in sight!

Vanquished Creatures
  A ball python (D:1)
  A bat (D:1)
  2 endoplasms (D:1)
  2 goblins (D:1)
  A hobgoblin (D:1)
7 creatures vanquished.

Notes
Turn   | Place    | Note
-------+----------+-------------------------------------------
     0 | D:1      | soggyman666 the Troll Monk began the quest for the Orb.
     0 | D:1      | Reached XP level 1. HP: 22/22 MP: 0/0
    33 | D:1      | Found a faded altar of an unknown god.
    45 | D:1      | Reached XP level 2. HP: 29/29 MP: 1/1
   182 | D:1      | Prayed at the altar of an unknown god.
   182 | D:1      | Became a worshipper of Warmaster Okawaru
   182 | D:1      | Reached * piety under Okawaru
   182 | D:1      | Reached ** piety under Okawaru
   183 | D:1      | Quit the game

Illustrated notes

Levels and vault maps discovered:
D:1:      dpeg_arrival_another_circle, layout_basic,
          hellmonk_ecumenical_altar_blasted

Action                   || total
-------------------------++-------
Melee: Unarmed           ||    13
 Stab: Sleeping          ||     1
Armor: Robe              ||     8
Dodge: Dodged            ||     5

Table legend: (Time is in decaauts)
 A = Elapsed time spent in this place.
 B = Non-inter-level travel time spent in this place.
 C = Inter-level travel time spent in this place.
 D = Time resting spent in this place.
 E = Time spent auto-exploring this place.
 F = Levels seen in this place.
 G = Mean time per level.
                   A        B        C        D        E       F      G
               +--------+--------+--------+--------+--------+-----+--------+
         Total |    182 |    148 |     34 |      0 |    111 |   1 |  182.0 |
       Dungeon |    182 |    148 |     34 |      0 |    111 |   1 |  182.0 |
               +--------+--------+--------+--------+--------+-----+--------+

Top non-repeatable levels by time:
     D:1: 182 daAuts
